 Dungeon Crawl Stone Soup version 0.14-a0-3294-g830ee6c (webtiles) character file.

370 4tharraofdagon the Poker (level 6, 0/47 HPs)
             Began as a Merfolk Gladiator on Mar 13, 2014.
             Was a Follower of Zin.
             Slain by a giant frog (3 damage)
             ... on Level 7 of the Dungeon.
             The game lasted 00:07:13 (1186 turns).

4tharraofdagon the Poker (Merfolk Gladiator)        Turns: 1186, Time: 00:07:13

HP   0/47        AC  6     Str 16      XL: 6   Next: 21%
MP   9/9         EV 11     Int  9      God: Zin [*.....]
Gold 102         SH  0     Dex 14      Spells:  0 memorised,  8 levels left

rFire  . . .     SeeInvis .     n - +1 halberd
rCold  . . .     Clarity  .     q - +0 ring mail
rNeg   . . .     Conserve .     (no shield)
rPois  .         rCorr    .     c - +0 helmet
rElec  .         rRot     .     (no cloak)
SustAb . .       Spirit   .     (no gloves)
rMut   .         Warding  .     (no boots)
Saprov . . .     Stasis   .     (no amulet)
MR     .....                    (no ring)
                                l - ring of wizardry

@: not resistant to hostile enchantments, very unstealthy
A: change form in water, swift swim
a: Recite, Renounce Religion


You were on level 7 of the Dungeon.
You worshipped Zin.
Zin was aware of your devotion.
You were not hungry.

You visited 2 branches of the dungeon, and saw 9 of its levels.

You collected 113 gold pieces.
You donated 11 gold pieces.

Inventory:

Hand weapons
 a - a +0,-1 trident
 n - a +1,+1 halberd (weapon)
Armour
 b - a +0 leather armour
 c - a +0 helmet (worn)
 m - a +0 robe of positive energy
 q - a +0 ring mail (worn)
Comestibles
 f - a bread ration
 p - a meat ration
Scrolls
 g - a scroll of identify
 i - 3 scrolls of remove curse
Jewellery
 l - a ring of wizardry (left hand)
Potions
 j - a potion of curing


   Skills:
 + Level 3.2 Fighting
 * Level 6.8 Polearms
 - Level 2.0 Throwing
 + Level 1.8 Armour
 + Level 5.0 Dodging
 + Level 1.6 Spellcasting
 + Level 0.0 Invocations


You had 8 spell levels left.
You didn't know any spells.

Dungeon Overview and Level Annotations

Branches:
Dungeon (8/15)             Temple (1/1) D:6
   Lair: D:8-11

Altars:
Ashenzari
Cheibriados
Dithmenos
Elyvilon
Fedhas
Kikubaaqudgha
Nemelex Xobeh
Sif Muna
Trog
Yredelemnul
Zin
The Shining One

Shops:
D:4 %

Annotations:
D:5 Duvessa
D:7 Eustachio


Message History

The giant frog barely misses you. The hound barely misses you.
The giant frog barely misses you. The hound bites you but does no damage.
There is a stone staircase leading down here.
Unknown command.
Unknown command.
Unknown command.
You slash the giant frog!
The giant frog is heavily wounded.
The giant frog hits you but does no damage.
The hound bites you but does no damage. The giant frog hits you.
* * * LOW HITPOINT WARNING * * *
Unknown command.
You closely miss the giant frog.
The giant frog is heavily wounded.
The hound bites you.
* * * LOW HITPOINT WARNING * * *
The giant frog hits you. Zin protects you from harm!
The hound barely misses you. The giant frog hits you.
You die...

################
........<......#
##############.#
#.# #.# . #.# ..
#.# .... #F# ...
#@# ..####
#######h###......
#.......@.r.......
#...........@.....
#...........r.....
.................
##.###.###......
#. #.# ...... #.#
.....


You could see Eustachio, a giant frog and a hound.

Vanquished Creatures
  A scorpion (D:8)
  A jelly (D:6)
  A hound (D:4)
  An iguana (D:4)
  A worker ant (D:4)
  6 adders
  A goliath beetle zombie (D:8)
  A worm (D:4)
  2 bats (D:3)
  A giant cockroach (D:4)
  5 hobgoblins
  2 quokkas (D:3)
  3 giant newts
  3 kobolds
  3 rats
  A rat skeleton (D:4)
33 creatures vanquished.

Notes
Turn   | Place    | Note
--------------------------------------------------------------
     0 | D:1      | 4tharraofdagon, the Merfolk Gladiator, began the quest for the Orb.
     0 | D:1      | Reached XP level 1. HP: 16/16 MP: 1/1
    63 | D:2      | Reached XP level 2. HP: 14/23 MP: 2/2
    68 | D:2      | Found a basalt altar of Yredelemnul.
   112 | D:2      | Reached skill level 5 in Polearms
   122 | D:2      | Reached XP level 3. HP: 17/28 MP: 3/3
   351 | D:4      | Found Ghopuemu's Food Emporium.
   372 | D:4      | Reached skill level 1 in Armour
   372 | D:4      | Reached XP level 4. HP: 29/34 MP: 4/4
   429 | D:4      | Reached skill level 6 in Polearms
   479 | D:4      | Reached skill level 1 in Spellcasting
   479 | D:4      | Reached XP level 5. HP: 8/40 MP: 4/7
   660 | D:5      | Entered Level 5 of the Dungeon
   660 | D:5      | Noticed Duvessa
   669 | D:6      | Found a staircase to the Ecumenical Temple.
   672 | D:6      | Noticed a phantom
   676 | Temple   | Entered the Ecumenical Temple
   714 | Temple   | Became a worshipper of Zin the Law-Giver
   856 | D:6      | Acquired Zin's first power
   911 | D:7      | Noticed Eustachio
   911 | D:7      | Paralysed by a giant eyeball for 4 turns
   926 | D:8      | Reached skill level 5 in Dodging
   926 | D:8      | Reached XP level 6. HP: 5/47 MP: 9/9
  1116 | D:8      | Noticed an orc warrior
  1120 | D:8      | Noticed a centaur
  1186 | D:7      | Zin protects you from harm!
  1186 | D:7      | Slain by a giant frog

Action                   |  1- 3 |  4- 6 || total
-------------------------+-------+-------++-------
Melee: Trident           |    81 |    57 ||   138
       Halberd           |       |    24 ||    24
Throw: Throwing net      |     7 |    10 ||    17
  Use: Potion            |     3 |     2 ||     5
       Scroll            |       |     5 ||     5
 Stab: Held in net/web   |     5 |     5 ||    10
       Sleeping          |     2 |       ||     2
